Map: Newkirk Precinct TE (Void)

Players

MyBeefStrong - Winner!

  • Race: Zerg Zerg
  • League: Diamond
  • Spawn Location: 7:00

Daywalker

  • Race: Terran Terran
  • League: Diamond
  • Spawn Location: 5:00

Event: The PiG Daily 96

VOD

https://www.youtube.com/watch?v=HMs_R2qlnpI

Description

Time

  • Played on: Nov. 30, 2016, 8:14 p.m.
  • Length: 32:50
Show
View Real Time Build Order
Export as new Build Order

MyBeefStrong Zerg - Winner!

Build Orders: Hatch First 

Get SALT Encoding   

  12  0:02  Drone  
  13  0:13  Overlord  
  13  0:19  Drone  
  14  0:31  Drone x2  
  14  0:35  Drone  
  17  0:56  Hatchery  
  16  0:58  Drone  
  16  1:03  Drone  
  18  1:09  Drone  
  19  1:19  Spawning Pool  
  19  1:23  Extractor  
  19  1:24  Drone  
  18  1:28  Drone  
  19  1:39  Drone  
  20  1:53  Overlord  
  20  2:04  Drone  
  21  2:09  Queen x2  
  21  2:10  Zergling x2  
  21  2:15  Drone  
  27  2:19  Drone  
  27  2:24  Drone  
  28  2:39  Drone x2  
  28  2:42  Drone  
  31  2:50  Lair  
  31  2:53  Drone x2  
  33  3:00  Extractor  
  33  3:04  Hatchery  
  31  3:07  Drone x2  
  31  3:08  Drone  
  34  3:13  Metabolic Boost  
  34  3:17  Drone x2  
  36  3:33  Overlord  
  36  3:34  Overlord  
  36  3:42  Extractor  
  36  3:45  Drone  
  36  3:52  Drone x4  
  36  3:53  Hydralisk Den  
  39  3:58  Drone x3  
  39  3:59  Drone x2  
  44  4:05  Drone x3  
  46  4:12  Zergling x4  
  46  4:15  Queen  
  50  4:24  Hydralisk  
  50  4:25  Hydralisk, Infestation Pit  
  50  4:28  Hydralisk  
  55  4:33  Zergling x2  
  55  4:38  Overlord  
  56  4:39  Overlord  
  57  4:45  Zergling x2  
  57  4:46  Zergling x2  
  57  4:48  Overlord  
  58  4:54  Extractor  
  58  4:57  Zergling x6  
  58  4:58  Zergling x6  
  63  5:03  Hydralisk  
  65  5:10  Pathogen Glands  
  65  5:11  Drone x3  
  68  5:15  Burrow  
  68  5:16  Drone  
  69  5:26  Overlord  
  69  5:27  Overlord  
  69  5:28  Drone x2  
  71  5:29  Zergling x2  
  72  5:38  Extractor  
  72  5:39  Infestor x2  
  72  5:42  Zergling x4  
  77  5:43  Zergling x2  
  77  5:47  Drone x2  
  80  5:54  Zergling x8  
  79  5:59  Zergling x6  
  79  6:02  Drone x2  
  79  6:03  Drone  
  83  6:08  Zergling x2, Drone  
  83  6:09  Drone x2  
  85  6:21  Drone x2  
  85  6:22  Drone x4  
  91  6:30  Drone  
  92  6:35  Drone x5  
  92  6:39  Overlord x2  
  97  6:53  Overlord x2  
  97  6:54  Hatchery, Overlord  
  91  7:05  Zergling x26  
  95  7:14  Infestor x3  
  97  7:22  Zergling x2  
  98  7:23  Zergling x4  
  100  7:31  Overseer x2  
  100  7:37  Hatchery  
  100  7:39  Evolution Chamber  
  100  7:40  Evolution Chamber  
  100  7:41  Zergling x12  
  80  7:59  Zergling x22  
  90  8:07  Zergling x2  
  90  8:08  Zergling x2  
  80  8:16  Zergling x2  
  68  8:21  Zergling x8  
  68  8:25  Zerg Ground Armor Level 1, Zerg Melee Weapons Level 1  
  68  8:27  Zergling x6  
  69  8:32  Zergling x4  
  70  8:44  Hydralisk x2  
  70  8:48  Hydralisk x3  
  78  8:59  Zergling x2  
  78  9:00  Zergling x16  
  86  9:18  Swarm Host  
  86  9:19  Infestor x6  
  101  9:26  Hatchery  
  101  9:27  Hydralisk x3  
  106  9:33  Overlord  
  106  9:34  Overlord  
  106  9:35  Drone x2  
  108  9:49  Zergling x2  
  108  9:50  Zergling x12  
  112  10:06  Zergling x16  
  120  10:12  Hive  
  120  10:14  Grooved Spines  
  120  10:27  Zergling x2  
  120  10:28  Zergling x14  
  128  10:30  Overlord x2  
  128  10:33  Zerg Melee Weapons Level 2  
  128  10:38  Drone  
  129  10:52  Zergling x16  
  129  10:53  Zergling x8  
  142  11:04  Zergling x10  
  142  11:05  Drone x2  
  142  11:06  Drone  
  136  11:25  Zergling x20  
  123  11:33  Zergling x6  
  123  11:38  Swarm Host x2  
  126  11:47  Zergling x12  
  126  11:48  Zergling x2  
  133  11:56  Zergling x10, Ultralisk Cavern  
  137  12:04  Drone x2  
  137  12:06  Drone  
  137  12:07  Drone x2  
  142  12:15  Hydralisk x2  
  142  12:16  Hydralisk  
  132  12:39  Zergling x20  
  132  12:40  Zergling x8  
  140  12:51  Zergling x16  
  130  13:13  Zergling x14  
  130  13:14  Zergling x6  
  140  13:23  Ultralisk  
  140  13:25  Overlord  
  140  13:26  Overlord  
  146  13:27  Adrenal Glands  
  146  13:28  Zerg Ground Armor Level 2  
  146  13:29  Zerg Melee Weapons Level 3  
  146  13:31  Drone x3  
  149  13:38  Overseer  
  118  14:03  Zergling x30  
  131  14:17  Hydralisk x2  
  131  14:18  Hydralisk x3  
  132  14:45  Ultralisk x2  
  132  14:46  Ultralisk  
  138  14:55  Zergling x2  
  138  14:56  Zergling x18  
  148  15:00  Infestor  
  148  15:01  Infestor  
  148  15:03  Infestor  
  154  15:09  Neural Parasite  
  154  15:26  Zergling x14  
  154  15:27  Zergling x12  
  164  15:32  Infestor  
  89  16:05  Ultralisk x5  
  112  16:12  Zergling x14  
  106  16:35  Hatchery  
  102  16:43  Ultralisk  
  99  16:54  Zergling x16  
  99  17:00  Spore Crawler  
  107  17:05  Queen  
  92  17:17  Hydralisk x2  
  96  17:46  Drone x4  
  98  18:00  Extractor  
  98  18:02  Extractor  
  98  18:03  Spawning Pool  
  95  18:38  Hydralisk  
  95  18:39  Hydralisk  
  99  19:08  Zergling x18  
  108  19:23  Extractor  
  107  19:26  Extractor  
  107  19:27  Extractor  
  107  19:28  Extractor  
  107  19:29  Ultralisk  
  110  19:31  Zergling x2  
  110  19:32  Zergling x14  
  107  20:05  Zergling x22  
  108  20:24  Ultralisk  
  106  20:44  Hydralisk x5  
  106  20:46  Zergling x6  
  106  20:47  Zergling x8  
  123  21:02  Zergling x2  
  123  21:03  Zergling x10  
  120  21:15  Zergling x2  
  120  21:16  Zergling x4  
  121  21:31  Zergling x12  
  92  21:47  Zergling x2  
  92  21:48  Zergling x10  
  92  22:07  Lair  
  81  22:37  Zergling x18  
  83  22:39  Hatchery  
  88  22:45  Zergling x2  
  88  22:46  Zergling x4  
  91  22:54  Zergling x2  
  91  22:55  Zergling x4  
  91  23:19  Infestation Pit  
  69  23:48  Zergling x2  
  64  23:57  Infestor x2  
  68  24:13  Infestor x3  
  18  24:52  Zergling x6  
  20  25:03  Infestor x2  
  18  26:32  Hatchery  
  17  26:40  Infestor x3  
  22  26:48  Hatchery  
  21  27:35  Infestor x9  
  21  27:38  Drone x3  
  24  27:46  Drone  
  24  27:50  Drone  
  25  27:53  Drone  
  25  28:06  Drone  
  22  28:48  Drone x3  
  25  28:49  Spawning Pool  
  23  29:23  Infestor x3  
  29  29:43  Drone  
  30  29:50  Drone  
  31  30:25  Drone x3  
  34  30:51  Drone x2  
  36  30:57  Spore Crawler  
  35  31:21  Drone  
  35  31:22  Drone x2  
  38  31:31  Drone x3  
  41  31:46  Zergling x4  
  43  31:47  Queen  
  45  32:09  Extractor  
  44  32:28  Extractor  
Show
View Real Time Build Order
Export as new Build Order

Daywalker Terran 

Build Orders: Reaper Expand, Bio Mine 

Get SALT Encoding   

  12  0:00  SCV  
  13  0:13  SCV  
  14  0:18  Supply Depot  
  14  0:25  SCV  
  15  0:40  SCV  
  15  0:42  Barracks  
  16  0:47  Refinery  
  16  0:52  SCV  
  17  1:04  SCV  
  18  1:16  SCV  
  19  1:29  Orbital Command  
  19  1:33  Reaper  
  20  1:45  Command Center  
  20  2:03  SCV  
  21  2:10  Supply Depot  
  21  2:13  Barracks Reactor  
  21  2:19  SCV  
  22  2:23  Refinery  
  22  2:24  Barracks  
  22  2:31  SCV  
  22  2:35  Factory  
  23  2:43  SCV  
  24  2:55  Marine x2  
  24  2:56  SCV  
  27  3:08  Orbital Command  
  27  3:09  SCV  
  28  3:14  Marine x2, Barracks Tech Lab  
  30  3:21  SCV  
  30  3:23  Starport, Factory Reactor  
  31  3:33  SCV  
  33  3:37  Marine x3  
  35  3:41  SCV  
  35  3:44  Stimpack  
  35  3:45  SCV  
  37  3:53  Supply Depot  
  37  3:55  SCV  
  38  3:56  Marine x2  
  38  3:57  Marine  
  38  3:59  SCV  
  42  4:11  Medivac x2  
  42  4:16  Marine x3  
  49  4:17  SCV  
  49  4:19  Supply Depot  
  50  4:24  Supply Depot, SCV  
  50  4:29  Factory Reactor  
  50  4:30  SCV  
  52  4:35  Marine  
  52  4:36  Marine  
  54  4:38  SCV  
  54  4:40  Marine  
  54  4:42  SCV  
  56  4:48  Engineering Bay x2  
  56  4:50  SCV  
  57  4:58  Marine x2  
  57  4:59  Marine  
  60  5:00  SCV  
  61  5:08  SCV  
  62  5:16  Terran Infantry Armor Level 1, Terran Infantry Weapons Level 1  
  62  5:17  Command Center  
  62  5:18  Marine  
  62  5:19  Marine x2  
  62  5:21  Widow Mine x2  
  65  5:22  SCV  
  70  5:33  Refinery  
  70  5:34  Supply Depot  
  70  5:35  Supply Depot  
  70  5:47  Barracks, Liberator x2  
  70  5:48  Barracks  
  70  5:51  Marine, SCV  
  70  5:52  Marine x2  
  69  6:03  Widow Mine x2  
  73  6:06  SCV x2  
  73  6:09  Marine  
  82  6:12  Refinery  
  81  6:18  Marine x2  
  81  6:19  SCV x2  
  81  6:25  Combat Shields  
  85  6:31  Widow Mine x2, SCV  
  85  6:32  SCV  
  91  6:36  Barracks Reactor x2  
  91  6:37  Marine x2  
  93  6:44  Marine  
  94  6:50  Barracks  
  94  6:51  Supply Depot  
  94  6:52  Barracks, Supply Depot  
  94  6:53  Supply Depot  
  73  7:13  Marine  
  73  7:14  Marine x5  
  79  7:16  Widow Mine x2  
  79  7:17  Medivac x2  
  79  7:18  SCV x2  
  79  7:19  Orbital Command  
  89  7:23  Marine  
  90  7:32  SCV x2  
  90  7:36  Armory  
  92  7:44  Widow Mine x2  
  87  7:54  Marine  
  87  7:55  Marine x5  
  87  7:56  Barracks Tech Lab, Barracks Reactor  
  89  8:07  Marine  
  89  8:09  SCV x3  
  89  8:10  Medivac x2  
  89  8:12  Marine  
  96  8:13  Widow Mine x2  
  101  8:26  Marine  
  101  8:27  Marine x4  
  99  8:28  Marauder x2, SCV x3  
  99  8:31  Marine  
  99  8:33  Terran Infantry Weapons Level 2  
  99  8:34  Terran Infantry Armor Level 2  
  112  8:43  Liberator  
  112  8:44  Liberator  
  110  8:57  Marine x9  
  110  8:58  Marine  
  121  9:05  SCV x3  
  121  9:16  Marauder  
  121  9:17  Marine x4  
  125  9:24  Factory  
  125  9:34  Bunker  
  125  9:46  Supply Depot  
  125  9:47  Supply Depot  
  125  9:48  Supply Depot  
  125  10:05  Sensor Tower, Terran Ship Weapons Level 1  
  125  10:07  Marine x8  
  125  10:08  Marine, Widow Mine x2  
  125  10:09  Factory Tech Lab  
  125  10:13  Supply Depot  
  138  10:14  Supply Depot  
  138  10:15  Supply Depot x2  
  138  10:25  SCV x2  
  140  10:33  Starport, Missile Turret, SCV  
  140  10:35  Barracks Tech Lab  
  141  10:36  Widow Mine x2  
  141  10:37  SCV  
  141  10:38  Missile Turret x2  
  141  10:40  Supply Depot, SCV  
  141  10:41  Marine x3  
  141  10:42  Marine x6  
  156  10:45  SCV, Widow Mine, Drilling Claws  
  156  11:03  Missile Turret x2  
  156  11:05  Missile Turret x2  
  156  11:06  Marine x7, Marauder x2  
  156  11:07  Marine  
  156  11:10  Raven  
  156  11:11  Medivac  
  130  11:35  Marine x3  
  130  11:36  Marine x5  
  130  11:37  Marauder x2  
  142  11:49  Liberator x2, SCV x2  
  142  11:53  Command Center  
  144  11:56  Marine x7  
  144  11:57  Marine  
  152  12:07  Raven  
  160  12:10  Recalibrated Explosives  
  160  12:40  SCV x3  
  158  13:03  Widow Mine  
  158  13:04  Widow Mine x2  
  163  13:07  SCV  
  163  13:08  SCV x2  
  166  13:23  Terran Infantry Armor Level 3, Terran Infantry Weapons Level 3  
  166  13:33  Command Center  
  166  13:34  Medivac x2, Raven  
  172  13:43  Refinery  
  172  13:44  Refinery  
  147  14:21  SCV x3  
  127  14:33  Widow Mine x3, SCV x2  
  130  15:08  Widow Mine x3  
  96  16:11  Marine x2  
  96  16:12  Marine x4  
  96  16:13  Marauder x2  
  96  16:14  Marine x2  
  99  16:29  Marine  
  100  16:41  Marine  
  100  16:42  Marine x5  
  100  16:43  Marauder x2  
  110  16:52  Medivac x3  
  116  17:04  Marauder  
  111  17:19  Marine x4  
  111  17:20  Marine x2  
  100  18:07  Barracks Tech Lab  
  100  18:20  Widow Mine x3  
  100  18:26  Marauder  
  108  18:28  SCV  
  108  18:30  SCV  
  106  18:42  Orbital Command  
  106  18:50  Liberator  
  106  18:58  SCV x2  
  106  19:01  Marauder  
  113  19:10  SCV x2  
  113  19:14  Liberator  
  110  19:17  Widow Mine x2  
  110  19:18  Widow Mine  
  110  19:22  SCV  
  94  20:39  Orbital Command  
  94  20:43  SCV  
  95  20:55  SCV  
  92  22:33  Orbital Command  
  88  23:28  Orbital Command  
  35  25:27  Cloaking Field  
  38  25:32  Liberator  
  38  25:47  Raven  
  37  25:52  Cyclone  
  43  26:24  Marine x4  
Tags
 
Add a new tag
Caveats
  • Supply blocks, unpowered buildings, or Contaminate may cause inaccurate times.
  • Supply counts are checked every 10 seconds.